 Dungeon Crawl Stone Soup version 0.24.0-1-gfbc8707122 (webtiles) character file.

Game seed: 7295930313394835050, levelgen mode: deterministic

5828 Mrkan the Trollish Cataclysm (level 10, -11/156 HPs)
             Began as a Troll Monk on Oct 26, 2019.
             Was a High Priest of Qazlal.
             Mangled by a death yak (26 damage)
             ... on level 10 of the Dungeon.
             The game lasted 00:15:05 (6794 turns).

Mrkan the Trollish Cataclysm (Troll Monk)           Turns: 6794, Time: 00:15:06

Health: -11/156    AC: 10    Str: 26    XL:     10   Next: 51%
Magic:  16/16      EV: 10    Int:  9    God:    Qazlal [*****.]
Gold:   634        SH:  7    Dex: 12    Spells: 9/9 levels left

rFire    + . .     SeeInvis .     - Unarmed
rCold    . . .     Gourm    +   (no shield)
rNeg     . . .     Faith    .   a - +0 robe
rPois    .         Spirit   .   (helmet restricted)
rElec    .         Reflect  .   r - +0 cloak
rCorr    .         Harm     .   (gloves unavailable)
MR       +....                  (boots unavailable)
Stlth    ..........             (no amulet)
HPRegen  0.76/turn              F - ring of protection from magic
MPRegen  0.15/turn              H - ring of protection from fire

@: berserking (expiring), protected from physical damage, repel missiles, very
quick
A: large, unfitting armour, claws 3, fast metabolism 3, gourmand, regeneration
1, shaggy fur 1, tough skin 3
a: Upheaval, Elemental Force, Disaster Area, Renounce Religion


You were on level 10 of the Dungeon.
You worshipped Qazlal.
Qazlal was extremely pleased with you.
You were very full.

You visited 1 branch of the dungeon, and saw 10 of its levels.
You also visited: Sewer and Ossuary.

You collected 634 gold pieces.

Inventory:

Hand Weapons
 G - a cursed +5 morningstar
Missiles
 c - 362 stones (quivered)
Armour
 a - a +0 robe (worn)
 r - a +0 cloak (worn)
Jewellery
 y - an uncursed amulet of the gourmand {unknown}
 F - a ring of protection from magic (left claw)
 H - a ring of protection from fire (right claw)
Wands
 u - a wand of polymorph (10)
 w - a wand of random effects (7)
 C - a wand of iceblast (10)
 D - a wand of acid (10)
Scrolls
 e - 7 scrolls of enchant weapon {unknown}
 f - 7 scrolls of remove curse
 i - 4 scrolls of blinking {unknown}
 j - 3 scrolls of teleportation {unknown}
 k - 5 scrolls of identify
 l - 3 scrolls of magic mapping {unknown}
 o - 2 scrolls of immolation {unknown}
 s - 2 scrolls of enchant armour {unknown}
 B - a scroll of brand weapon {unknown}
 E - a scroll of silence {unknown}
Potions
 d - a potion of flight {unknown}
 h - 4 potions of curing
 m - 2 potions of might {unknown}
 n - a potion of brilliance {unknown}
 p - 2 potions of berserk rage
 q - a potion of ambrosia {unknown}
 t - 2 potions of degeneration
 v - 2 potions of magic {unknown}
 x - a potion of resistance {unknown}
 z - a potion of lignification {unknown}
 A - a potion of cancellation {unknown}
Comestibles
 b - 23 rations


   Skills:
 + Level 8.1 Fighting
 - Level 2.4 Dodging
 - Level 1.0 Stealth
 - Level 8.2 Unarmed Combat
 * Level 9.6 Invocations


You had 9 spell levels left.
You didn't know any spells.
Your spell library contained the following spells:

 Spells                   Type           Power        Failure   Level  Hunger
 Animate Skeleton         Necr           N/A          38%         1    ##.....
 Apportation              Tloc           #.....       38%         1    ##.....
 Beastly Appendage        Tmut           #.....       38%         1    ##.....
 Confusing Touch          Hex            #.....       38%         1    ##.....
 Magic Dart               Conj           #...         38%         1    ##.....
 Pain                     Necr           #...         38%         1    ##.....
 Summon Small Mammal      Summ           #...         38%         1    ##.....
 Searing Ray              Conj           #.....       52%         2    ###....
 Sticks to Snakes         Tmut           #.......     52%         2    ###....
 Dazzling Spray           Conj/Hex       #.....       77%         3    ####...
 Regeneration             Chrm/Necr      #.........   77%         3    ####...
 Spider Form              Tmut/Pois      #.........   77%         3    ####...
 Vampiric Draining        Necr           #.........   77%         3    ####...
 Animate Dead             Necr           N/A          99%         4    #####..
 Force Lance              Conj/Tloc      #.......     99%         4    #####..
 Fulminant Prism          Conj/Hex       #.........   99%         4    #####..
 Ice Form                 Ice/Tmut       #.......     99%         4    #####..
 Iskenderun's Mystic Bla  Conj           #.......     99%         4    #####..
 Blade Hands              Tmut           #.........   100%        5    ######.


Dungeon Overview and Level Annotations

Branches:
Dungeon (10/15)            Temple (0/1) D:4           Sewer (visited)
Ossuary (visited)
   Lair: D:8-11         Orc: D:9-12

Altars:
Qazlal
Wu Jian

Shops:
D:9 :


Innate Abilities, Weirdness & Mutations

You are too large for most types of armour.
You have claws for hands.
Your metabolism is lightning-fast.
You like to eat raw meat.
Your natural rate of healing is unusually fast.
You are covered in fur. (AC +1)
You have extremely tough skin. (AC +3)


Message History

* * * LOW HITPOINT WARNING * * *
You barely miss the death yak.
The death yak is moderately wounded.
You claw the death yak!
The death yak is heavily wounded.
A jackal comes into view.
The death yak gores you.
* * * LOW HITPOINT WARNING * * *
You barely miss the death yak.
The death yak is heavily wounded.
You claw the death yak!
The death yak is severely wounded.
The death yak closely misses you.
You claw the death yak! x2
The death yak is almost dead.
You scratch the death yak but do no damage.
The death yak is almost dead.
You hear a bellow!
The death yak gores you!!
You die...

.#
#......#
#.#
#.######
#.# #. #.#
.. #.# ##
#.# #.#
#.#
########.#
#lhhYY@..#
#h########
#.# #.#
.s# ..#
..Z. #...
...#


You could see a death yak, a yak, an iguana and 3 jackals.

Vanquished Creatures
  Harold (D:7)
  A two-headed ogre (D:8)
  2 trolls (D:10)
  Prince Ribbit (D:7)
  A spriggan (D:7)
  Purgy (Sewer)
  A water moccasin (D:7)
  Duvessa (D:4)
  2 ice beasts
  An orc warrior (D:7)
  A sky beast (D:5)
  2 phantoms
  2 eyes of draining
  An ogre (D:7)
  3 centaurs
  A crocodile (D:10)
  3 bullfrogs
  A big kobold (D:7)
  An elf zombie (Ossuary)
  Dowan (D:4)
  2 scorpions
  8 killer bees
  3 wights (D:8)
  2 howler monkeys (D:4)
  2 crimson imps (D:8)
  3 bullfrog zombies
  2 human zombies (Ossuary)
  A quasit (D:8)
  A centaur zombie (Ossuary)
  4 hounds
  5 orc priests
  An iguana (D:6)
  5 worker ants
  6 orc wizards
  3 big kobold zombies (Ossuary)
  2 hound skeletons
  3 mummies (Ossuary)
  A howler monkey zombie (D:8)
  2 worker ant zombies (D:7)
  4 gnolls (D:6)
  10 adders
  A river rat (D:3)
  A shadow imp (D:7)
  2 oozes
  4 adder zombies
  4 worms
  2 dart slugs
  3 leopard geckos
  19 orcs
  8 giant cockroaches
  8 goblins
  A hobgoblin (D:2)
  10 jackals
  7 quokkas
  3 ball pythons
  14 bats
  5 frilled lizards
  4 goblin zombies (Ossuary)
  4 hobgoblin zombies (Ossuary)
  3 jackal zombies (Ossuary)
  11 kobolds
  6 kobold zombies (Ossuary)
  A leopard gecko zombie (D:7)
  An orc zombie (Ossuary)
  A quokka skeleton (D:5)
  3 quokka zombies (Ossuary)
  6 rats
  4 rat zombies (Ossuary)
234 creatures vanquished.

Notes
Turn   | Place    | Note
-------+----------+-------------------------------------------
     0 | D:1      | Mrkan the Troll Monk began the quest for the Orb.
     0 | D:1      | Reached XP level 1. HP: 22/22 MP: 0/0
   145 | D:1      | You fall into a shaft and drop 1 floor!
   154 | D:2      | Reached XP level 2. HP: 29/29 MP: 1/1
   316 | D:2      | Noticed a scorpion
   323 | D:2      | Killed a scorpion
   323 | D:2      | Reached XP level 3. HP: 20/37 MP: 2/2
   323 | D:2      | Reached XP level 4. HP: 24/45 MP: 3/3
  1293 | D:2      | Reached skill level 5 in Unarmed Combat
  1293 | D:2      | Reached XP level 5. HP: 53/53 MP: 4/4
  1379 | D:2      | Found a stormy altar of Qazlal.
  1390 | D:2      | Became a worshipper of Qazlal Stormbringer
  1390 | D:2      | Reached * piety under Qazlal
  1390 | D:2      | Reached ** piety under Qazlal
  1907 | D:3      | Found a glowing drain.
  1916 | Sewer    | Entered a sewer
  1960 | Sewer    | Noticed Purgy
  1984 | Sewer    | Killed Purgy
  1984 | Sewer    | Reached XP level 6. HP: 30/62 MP: 5/5
  2292 | D:3      | Found a faded altar of an unknown god.
  2438 | D:4      | Noticed Duvessa
  2441 | D:4      | Noticed Dowan
  2449 | D:4      | Killed Duvessa
  2457 | D:4      | Killed Dowan
  2595 | D:4      | Reached XP level 7. HP: 68/70 MP: 6/6
  2600 | D:4      | Found a staircase to the Ecumenical Temple.
  2820 | D:4      | Reached *** piety under Qazlal
  3028 | D:5      | Entered Level 5 of the Dungeon
  3072 | D:5      | You fall into a shaft and drop 2 floors!
  3352 | D:5      | Found a sand-covered staircase.
  3357 | Ossuary  | Entered an ossuary
  3423 | Ossuary  | Reached skill level 5 in Fighting
  3447 | Ossuary  | Reached **** piety under Qazlal
  3483 | Ossuary  | Reached XP level 8. HP: 80/80 MP: 7/7
  3528 | Ossuary  | Reached skill level 1 in Invocations
  3589 | Ossuary  | Reached skill level 2 in Invocations
  3951 | D:6      | Reached skill level 3 in Invocations
  4059 | D:6      | Reached skill level 4 in Invocations
  4451 | D:7      | Reached skill level 5 in Invocations
  4469 | D:7      | Reached XP level 9. HP: 61/89 MP: 11/11
  4472 | D:7      | Reached ***** piety under Qazlal
  4536 | D:7      | Noticed Prince Ribbit
  4544 | D:7      | Killed Prince Ribbit
  4562 | D:7      | Noticed Harold
  4575 | D:7      | Killed Harold
  4575 | D:7      | Reached skill level 7 in Invocations
  5111 | D:7      | Reached skill level 8 in Invocations
  5290 | D:8      | Noticed a two-headed ogre
  5442 | D:8      | Killed a two-headed ogre
  5442 | D:8      | Reached XP level 10. HP: 45/102 MP: 15/15
  6043 | D:9      | Found Erunlikh's Book Shop.
  6142 | D:9      | Reached skill level 9 in Invocations
  6198 | D:9      | Found an ornate altar of the Wu Jian Council.
  6635 | D:10     | Entered Level 10 of the Dungeon
  6774 | D:10     | Noticed a death yak
  6794 | D:10     | Mangled by a death yak

Levels and vault maps discovered:
D:1:      eino_arrival_cavern_a, layout_basic, minmay_cut_off
D:2:      minmay_alternating_diamond, layout_loops_corners,
          grunt_qazlal_sundering
D:3:      layout_basic, chequers_ecumenical_altar_simple_redux, first_ration,
          portal_sewer_entry_e
D:4:      layout_basic, minmay_temple_entry_butterflies, uniq_duvessa
D:5:      layout_basic, enter_ossuary_2
D:6:      layout_rooms, serial_park_tiny_pond
D:7:      layout_loops_ring, the_bakery, uniq_prince_ribbit1, uniq_harold
D:8:      layout_loops_ring, hex_large, kennysheep_small_circle
D:9:      layout_loops_ring, nicolae_overflow_crystal_walls, serial_shops, shop
D:10:     layout_loops_ring, dpeg_lair_monsters, evilmike_butchery

Skill      XL: |  1  2  3  4  5  6  7  8  9 10 |
---------------+-------------------------------+-----
Fighting       | 3 4 5 6 7 8 |  8.1
Unarmed Combat | 4 5 6 8 |  8.2
Invocations    | 5 8 9 |  9.6
Dodging        | |  2.4
Stealth        | |  1.0

Action                   |  1- 3 |  4- 6 |  7- 9 | 10-12 || total
-------------------------+-------+-------+-------+-------++-------
Melee: Unarmed           |    42 |   194 |   374 |   129 ||   739
       Punch             |       |     3 |    12 |     3 ||    18
  Use: Scroll            |       |     3 |     2 |     1 ||     6
       Potion            |       |       |       |     4 ||     4
 Stab: Sleeping          |     2 |     2 |       |       ||     4
       Distracted        |       |     1 |       |       ||     1
  Eat: Chunk             |     4 |    25 |    22 |    15 ||    66
Armor: Robe              |    21 |    84 |    94 |    42 ||   241
Dodge: Dodged            |    33 |    98 |   118 |    52 ||   301
       Deflected         |       |       |     3 |     2 ||     5
Block: Other             |       |     8 |    71 |    45 ||   124
